 Dungeon Crawl Stone Soup version 0.28-a0-861-ge64d6db94f (webtiles) character file.

Game seed: 12770986005582840342

11371 snetch the Protected (level 11, -16/121 (142) HPs)
             Began as a Minotaur Berserker on Nov 12, 2021.
             Was an Elder of Trog.
             Killed from afar by Josephine (19 damage)
             ... with a ghostly fireball
             ... on level 12 of the Dungeon on Nov 15, 2021.
             The game lasted 00:34:02 (11202 turns).

snetch the Protected (Minotaur Berserker)          Turns: 11202, Time: 00:34:02

HP:   -16/121 (142) AC: 25    Str: 24    XL:     11   Next: 48%
MP:   10/10         EV:  2    Int:  4    God:    Trog [****..]
Gold: 719           SH:  9    Dex: 11    Spells: 10/10 levels left

rFire   . . .      SeeInvis .   a - +2 trident (venom)
rCold   + . .      Faith    .   E - +0 kite shield
rNeg    . . .      Spirit   .   (armour currently unavailable)
rPois   +          Reflect  .   (helmet currently unavailable)
rElec   .          Harm     .   (cloak currently unavailable)
rCorr   .          Rampage  .   (gloves currently unavailable)
Will    +++..      NoTele   +   (boots currently unavailable)
Stlth   ++........              S - amulet of regeneration
HPRegen 2.30/turn               V - ring of protection from cold
MPRegen 0.12/turn               H - ring of willpower

@: lethally poisoned (-16 -> -16), tree-form, strong-willed, regenerating,
heavily drained
A: stationary, stasis, torment immunity, boosted hp, (horns 2), (retaliatory
headbutt)
a: Renounce Religion, Berserk, Trog's Hand, Brothers in Arms


You were on level 12 of the Dungeon.
You worshipped Trog.
Trog was greatly pleased with you.
You were a tree.
You visited 2 branches of the dungeon, and saw 13 of its levels.

You collected 719 gold pieces.

Inventory:

Hand Weapons
 a - a +2 trident of venom (weapon)
 b - a +1 vorpal hand axe
Missiles
 f - 129 sling bullets
 n - 5 curare-tipped darts
 o - 32 poisoned darts (quivered)
 p - 8 boomerangs
 A - a boomerang of dispersal
 N - 3 throwing nets
Armour
 i - a +0 pair of boots (melded)
 E - a +0 kite shield (worn)
 T - a +0 plate armour (melded)
 Z - a +0 cloak of willpower (melded)
Jewellery
 c - a ring of ice
 s - a ring of fire
 H - a ring of willpower (right branch)
 S - an amulet of regeneration (around neck)
 V - a ring of protection from cold (left branch)
Wands
 q - a wand of polymorph (20)
 u - a wand of flame (9)
 x - a wand of acid (9)
 F - a wand of digging (5)
 R - a wand of iceblast (31)
 Y - a wand of paralysis (4)
Scrolls
 e - a scroll of noise {unknown}
 g - a scroll of immolation {unknown}
 h - a scroll of summoning {unknown}
 j - a scroll of blinking {unknown}
 m - a scroll of holy word {unknown}
 r - 2 scrolls of acquirement {unknown}
 z - 2 scrolls of amnesia {unknown}
 D - 5 scrolls of enchant weapon {unknown}
 J - 6 scrolls of identify {unknown}
 K - 2 scrolls of enchant armour {unknown}
 Q - 2 scrolls of teleportation {unknown}
 X - a scroll of fog {unknown}
Potions
 d - 2 potions of invisibility {unknown}
 k - a potion of cancellation {unknown}
 l - a potion of attraction {unknown}
 v - 2 potions of curing {unknown}
 w - 4 potions of might {unknown}
 B - a potion of flight {unknown}
 C - 2 potions of haste {unknown}
 G - 2 potions of heal wounds {unknown}
 I - 4 potions of lignification
 P - 2 potions of magic {unknown}


   Skills:
 + Level 8.7 Fighting
 + Level 8.8(11.3) Axes
 + Level 11.2(12.4) Polearms
 + Level 4.7 Throwing
 + Level 11.4 Armour
 + Level 5.1 Dodging
 + Level 1.5 Stealth
 + Level 6.0 Shields


You had 10 spell levels left.
You didn't know any spells.
Your spell library contained the following spells:

 Spells                   Type           Power      Damage    Failure   Level
 Animate Skeleton         Necr           0%         N/A       88%         1
 Magic Dart               Conj           0%         1d3       88%         1
 Pain                     Necr           0%         1d4       88%         1
 Shock                    Conj/Air       0%         1d3       88%         1
 Blink                    Tloc           0%         N/A       95%         2
 Searing Ray              Conj           0%         2d4       95%         2
 Ozocubu's Armour         Ice            0%         N/A       99%         3
 Swiftness                Air            0%         N/A       99%         3
 Vampiric Draining        Necr           0%         2d6       99%         3
 Airstrike                Air            0%         N/A       100%        4
 Fulminant Prism          Conj/Hex       0%         3d6       100%        4
 Manifold Assault         Tloc           0%         N/A       100%        5
 Ozocubu's Refrigeration  Ice            0%         4d5       100%        7
 Storm Form               Tmut/Air       0%         N/A       100%        7


Dungeon Overview and Level Annotations

Branches:
Dungeon (12/15)            Temple (1/1) D:6            Lair (0/6) D:10
    Orc (0/2) D:9

Altars:
Ashenzari
Cheibriados
Dithmenos
Elyvilon
Fedhas
Gozag
Hepliaklqana
Kikubaaqudgha
Makhleb
Nemelex Xobeh
Okawaru
Qazlal
Ru
Sif Muna
Trog
Uskayaw
Vehumet
Wu Jian
Xom
Yredelemnul
Zin
The Shining One

Annotations:
D:2 gold behind rock
D:10 water
D:12 Josephine


Innate Abilities, Weirdness & Mutations

You are a tree.
Your roots penetrate the ground, keeping you stationary.
You cannot be teleported.
You are immune to unholy pain and torment.
Your maximum health is greatly increased.
Your equipment is partially melded.
((You have a pair of horns on your head.))
((You reflexively headbutt those who attack you in melee.))


Message History

Trog will no longer gift you weapons. 2 wraiths come into view.
You see here 27 stones.
Reach: a) +2 trident (venom)
Press: ? - help, Dir - move target, f - Josephine
Aim: Josephine, wielding a +5 dagger of venom and wearing a +0 robe (about 32% to evade your +2 trident of venom)
You barely miss Josephine. You block Josephine's attack.
You closely miss Josephine. Josephine hits you but does no damage.
You are poisoned.
You closely miss Josephine.
You feel very sick.
A hell hound comes into view.
A wraith comes into view.
Unknown command.
You puncture Josephine!
Josephine looks as sick as possible!
Josephine is moderately wounded.
You feel sick. Josephine casts a spell at you.
The ghostly flame explodes!
The ghostly fireball engulfs you!!
You feel drained.
* * * LOW HITPOINT WARNING * * *
The ghostly fireball engulfs Josephine.
Josephine completely resists.
A hell hound comes into view.
The hell hound barks!
You hear a bark!
You hear an angry buzzing noise.
You hear a bark!
You hear an angry buzzing noise. x2; You hear a shout!
You puncture Josephine!
Josephine looks as sick as possible!
Josephine is moderately wounded.
You feel sick. Josephine casts a spell at you.
The ghostly flame explodes!
The ghostly fireball engulfs you!
You feel drained.
* * * LOW HITPOINT WARNING * * *
The ghostly fireball engulfs Josephine.
Josephine completely resists.
It was a potion of lignification.
You turn into a tree.
Your +0 cloak of willpower melds into your body.
Your +0 pair of boots melds into your body.
Your +0 plate armour melds into your body.
You feel less strong-willed.
Your roots penetrate the ground.
You feel sick.
Josephine gestures at you while chanting.
The ghostly flame explodes!
The ghostly fireball engulfs you!!
You feel drained.
You die...

#. #..... . ##.
#####...... .. .. ..
........... .. .$.
#.##.......... .#
....##.#.......... .#
....h.....##..... .#
.....h.WW(...#######.####
(..((<†.@♣...#<.........#
............(...........#
...W....................#
........................#
.#...........#####..#####
............... #...#
.....=......>#.# #.#.#
.....#########.###.#.#
#.....#..


You could see Josephine (extremely poisoned), 3 wraiths and 2 hell hounds.

Vanquished Creatures
  A boulder beetle (D:12)
  A hydra (D:12)
  A two-headed ogre (D:9)
  A cyclops (D:12)
  Maurice (D:8)
  4 trolls
  Grinder (D:3)
  A slime creature (D:9)
  2 shadows
  Sigmund (D:3)
  A wraith (D:10)
  9 yaks (D:10)
  A wyvern (D:8)
  Grum (D:5)
  Menkaure (D:4)
  2 acid dragons
  2 water moccasins (D:7)
  Duvessa (D:6)
  3 orc warriors
  2 black bears
  A sky beast (D:6)
  10 ice beasts
  A necrophage (D:6)
  3 wolves (D:5)
  An ogre (D:4)
  A centaur (D:9)
  A kobold brigand (D:10)
  A phantom (D:6)
  3 bullfrogs
  2 gnoll sergeants (D:5)
  Dowan (D:6)
  2 scorpions
  A water moccasin skeleton (D:6)
  6 killer bees
  7 electric eels
  5 howler monkeys
  2 bullfrog skeletons (D:5)
  3 jellies (D:5)
  3 centaur zombies
  2 gnoll shamans
  10 hounds
  6 orc priests
  Ijyb (D:3)
  4 iguanas
  10 orc wizards
  A killer bee zombie (D:6)
  2 hound skeletons (D:4)
  Robin (D:4)
  3 adders
  16 gnolls
  2 shadow imps (D:6)
  2 ufetubi
  A dart slug (D:2)
  27 orcs
  5 ball pythons
  A bat (D:2)
  3 endoplasms
  4 giant cockroaches
  11 goblins
  8 hobgoblins
  2 jackals (D:5)
  A quokka (D:1)
  4 frilled lizards
  A jackal skeleton (D:4)
  7 kobolds
  A rat (D:1)
227 creatures vanquished.

Vanquished Creatures (others)
  4 plants (D:7)
4 creatures vanquished.

Grand Total: 231 creatures vanquished

Notes
Turn   | Place    | Note
-------+----------+-------------------------------------------
     0 | D:1      | snetch the Minotaur Berserker began the quest for the Orb.
     0 | D:1      | Reached XP level 1. HP: 19/19 MP: 0/0
   360 | D:1      | Reached XP level 2. HP: 21/27 MP: 1/1
   617 | D:2      | Noticed a scorpion
   621 | D:2      | Killed a scorpion
   622 | D:2      | Reached XP level 3. HP: 34/34 MP: 2/2
   622 | D:2      | Reached XP level 4. HP: 41/41 MP: 3/3
  1274 | D:2      | Reached skill level 5 in Axes
  1359 | D:3      | Found a faded altar of an unknown god.
  1362 | D:3      | Noticed Ijyb
  1640 | D:3      | Killed Ijyb
  1811 | D:4      | Noticed Robin
  1821 | D:4      | HP: 3/61 [poisoned by a goblin]
  1823 | D:4      | Killed Robin
  1823 | D:4      | Reached ** piety under Trog
  1824 | D:4      | Reached XP level 5. HP: 3/47 MP: 4/4
  2152 | D:3      | Noticed Sigmund
  2162 | D:3      | Killed Sigmund
  2163 | D:3      | Reached skill level 5 in Fighting
  2163 | D:3      | Reached XP level 6. HP: 56/56 MP: 5/5
  2489 | D:3      | Noticed Grinder
  2502 | D:3      | Paralysed by Grinder for 2 turns
  2508 | D:3      | Killed Grinder
  2631 | D:3      | Reached skill level 1 in Throwing
  2631 | D:3      | Reached XP level 7. HP: 60/61 MP: 6/6
  2689 | D:5      | Entered Level 5 of the Dungeon
  2726 | D:5      | Reached skill level 5 in Armour
  2732 | D:5      | Reached skill level 1 in Stealth
  3209 | D:6      | Found a staircase to the Ecumenical Temple.
  3239 | Temple   | Entered the Ecumenical Temple
  3738 | D:5      | Reached XP level 8. HP: 59/70 MP: 7/7
  4521 | D:4      | Reached skill level 1 in Shields
  4881 | D:4      | Noticed Menkaure
  4885 | D:4      | Killed Menkaure
  5176 | D:4      | Reached skill level 1 in Polearms
  5266 | D:5      | Found a white marble altar of Elyvilon.
  6003 | D:5      | Reached XP level 9. HP: 78/78 MP: 8/8
  6315 | D:5      | Reached *** piety under Trog
  6418 | D:5      | Noticed Grum
  6427 | D:5      | Killed Grum
  6841 | D:6      | Noticed Duvessa
  6847 | D:6      | Noticed Dowan
  6854 | D:6      | Killed Duvessa
  6856 | D:6      | Killed Dowan
  6857 | D:6      | Reached skill level 5 in Polearms
  7901 | D:7      | Reached **** piety under Trog
  8248 | D:8      | Reached XP level 10. HP: 77/86 MP: 9/9
  8486 | D:8      | Reached skill level 5 in Dodging
  8538 | D:8      | Noticed Maurice
  8555 | D:8      | Killed Maurice
  8755 | D:9      | Noticed a two-headed ogre
  8764 | D:9      | Killed a two-headed ogre
  8765 | D:9      | Reached skill level 10 in Armour
  9275 | D:8      | Upgraded the game from 0.28-a0-845-gfc338a8e3c to
                  | 0.28-a0-861-ge64d6db94f
  9434 | D:10     | Entered Level 10 of the Dungeon
  9856 | D:9      | Found a staircase to the Orcish Mines.
 10207 | D:10     | Reached skill level 10 in Polearms
 10230 | D:10     | Reached XP level 11. HP: 59/94 MP: 10/10
 10283 | D:10     | Found a staircase to the Lair.
 10561 | D:10     | Reached ***** piety under Trog
 10806 | D:10     | Reached skill level 5 in Shields
 11097 | D:12     | Noticed a boulder beetle
 11106 | D:12     | Killed a boulder beetle
 11160 | D:12     | Noticed a six-headed hydra
 11178 | D:12     | Killed a six-headed hydra
 11192 | D:12     | Noticed Josephine
 11201 | D:12     | HP: 1/85 [Josephine/ghostly fireball (17)]
 11202 | D:12     | Killed from afar by Josephine

Illustrated notes

Levels and vault maps discovered:
D:1:      minmay_arrival_shoal_huts, layout_basic
D:2:      layout_basic, minmay_surrounded
D:3:      layout_basic, shapermc_ecumenical_altar_starsandcircs, uniq_grinder,
          uniq_ijyb, uniq_sigmund
D:4:      layout_loops_ring, uniq_robin, uniq_menkaure
D:5:      layout_cave_pools, elyvilon_altar_3, serial_gnoll_camp,
          gnoll_camp_huts_basic, gnoll_camp_mini_loothouse, grums_kennel,
          gnoll_camp_mini_hut, minmay_door_square
D:6:      layout_cave_pools, minmay_temple_entry_large_hall,
          chequers_decorated_corner, uniq_duvessa
D:7:      layout_gridville, serial_bayou_ford_a
D:8:      layout_gridville, uniq_maurice
D:9:      layout_loops_ring, orc_0_dummy, minmay_between
D:10:     minmay_twisted_water, layout_loops_cross, lair_entry_dummy
D:11:     layout_long_grid, uniq_grum
D:12:     layout_rooms, uniq_azrael, uniq_josephine, uniq_kirke
Temple:   mainiacjoe_temple_trianglar_array

Skill      XL: |  1  2  3  4  5  6  7  8  9 10 11 |
---------------+----------------------------------+-----
Axes           | 4 5 6 8 |  8.8
Fighting       | 4 5 6 7 8 |  8.7
Armour         | 3 4 5 8 9 10 11 | 11.4
Dodging        | 3 4 5 |  5.1
Throwing       | 1 2 4 |  4.7
Stealth        | 1 |  1.5
Shields        | 1 3 4 6 |  6.0
Polearms       | 2 7 10 11 | 11.2

Action                   |  1- 3 |  4- 6 |  7- 9 | 10-12 || total
-------------------------+-------+-------+-------+-------++-------
Melee: Hand axe          |    17 |    73 |    98 |       ||   188
       Headbutt          |     1 |     6 |    69 |    49 ||   125
       Unarmed           |       |    12 |       |       ||    12
       Trident           |       |       |   234 |   308 ||   542
Throw: Stone             |       |    13 |       |       ||    13
       Boomerang         |       |       |    23 |     1 ||    24
       Dart              |       |       |       |    39 ||    39
Invok: Berserk           |     1 |     4 |     5 |     2 ||    12
       Trog's Hand       |       |     2 |       |     1 ||     3
  Use: Potion            |       |       |       |     1 ||     1
Armor: Ring mail         |     3 |     4 |       |       ||     7
       Scale mail        |       |    18 |       |       ||    18
       Chain mail        |       |     9 |   117 |       ||   126
       Plate armour      |       |       |    26 |   128 ||   154
Dodge: Dodged            |    10 |    47 |   104 |    61 ||   222
Block: Kite shield       |       |       |    99 |    92 ||   191

Table legend: (Time is in decaauts)
 A = Elapsed time spent in this place.
 B = Non-inter-level travel time spent in this place.
 C = Inter-level travel time spent in this place.
 D = Time resting spent in this place.
 E = Time spent auto-exploring this place.
 F = Levels seen in this place.
 G = Mean time per level.
                   A        B        C        D        E       F      G
               +--------+--------+--------+--------+--------+-----+--------+
         Total |  11418 |  10846 |    572 |    672 |   7120 |  13 |  878.3 |
       Dungeon |  11007 |  10457 |    550 |    672 |   6732 |  12 |  917.2 |
        Temple |    411 |    389 |     22 |      0 |    388 |   1 |  411.0 |
               +--------+--------+--------+--------+--------+-----+--------+

Top non-repeatable levels by time:
     D:5: 1977 daAuts
     D:3: 1388 daAuts
     D:4: 1266 daAuts
     D:8: 1057 daAuts
     D:7: 1040 daAuts
    D:10: 971 daAuts
     D:2: 879 daAuts
     D:9: 818 daAuts
     D:6: 703 daAuts
     D:1: 696 daAuts
  Temple: 411 daAuts
    D:11: 107 daAuts
    D:12: 100 daAuts
